 Dungeon Crawl Stone Soup version 0.30.0-15-g856e2d3f33 (webtiles) character file.

Game seed: 16887154267649363893

2896 Cheops the Basher (level 9, 0/79 HPs)
             Began as a Minotaur Fighter on May 18, 2023.
             Was a Follower of Ru.
             Slain by a killer bee (2 damage)
             ... on level 8 of the Dungeon.
             The game lasted 00:17:26 (6603 turns).

Cheops the Basher (Minotaur Fighter)                Turns: 6603, Time: 00:17:27

Health: 0/79       AC:  9    Str: 25    XL:     9   Next: 49%
Magic:  8/8        EV:  8    Int:  5    God:    Ru [*.....]
Gold:   409        SH:  5    Dex: 16    Spells: 8/8 levels left

rFire   + + .        a - +2 flail (freeze)
rCold   + . .        u - +0 buckler
rNeg    + + .        x - +2 chain mail "Seat" {rPois Str+3}
rPois   +            (helmet restricted)
rElec   .            G - +1 cloak {rPois}
rCorr   .            (no gloves)
SInv    .            (no boots)
Will    .....        (no amulet) Stlth
                     l - ring of Pida {rF++ rC+ rN+ Str-3 Dex+6}
HPRegen 0.33/turn    q - ring of positive energy
MPRegen 0.11/turn

%: no passive effects
@: about to teleport, corroded
A: horns 2, missing an eye, retaliatory headbutt
a: Renounce Religion


You were on level 8 of the Dungeon.
You worshipped Ru.
Ru was aware of your devotion.
You visited 2 branches of the dungeon, and saw 9 of its levels.

You collected 409 gold pieces.

Inventory:

Hand Weapons
 a - a +2 flail of freezing (weapon)
 b - a +1 flail of holy wrath
 B - a +2 mace of holy wrath
 C - a +3 mace
 F - a +0 flail
 H - the +6 hand axe of the Spider Nest {freeze, *Noise Will+ Str-5 Dex+6}
   (You found it on level 6 of the Dungeon)

   Str:       It affects your strength (-5).
   Dex:       It affects your dexterity (+6).
   *Noise:    It may make noises in combat.
   Will:      It increases your willpower.
Armour
 u - a +0 buckler (worn)
 x - the +2 chain mail "Seat" (worn) {rPois Str+3}
   (You found it on level 4 of the Dungeon)

   Str:       It affects your strength (+3).
   rPois:     It protects you from poison.
 G - a +1 cloak of poison resistance (worn)
Magical Staves
 c - a staff of air
 A - a staff of poison
Jewellery
 l - the ring of Pida (left hand) {rF++ rC+ rN+ Str-3 Dex+6}
   (You found it on level 2 of the Dungeon)

   [ring of dexterity]

   Str:       It affects your strength (-3).
   Dex:       It affects your dexterity (+6).
   rF:        It greatly protects you from fire.
   rC:        It protects you from cold.
   rN:        It protects you from negative energy.
 q - a ring of positive energy (right hand)
 y - a ring of poison resistance
Wands
 z - a wand of roots (12)
Scrolls
 e - a scroll of enchant weapon {unknown}
 f - a scroll of teleportation
 i - a scroll of fear {unknown}
 n - 2 scrolls of magic mapping {unknown}
 o - 2 scrolls of fog {unknown}
 s - a scroll of poison {unknown}
 t - 3 scrolls of enchant armour {unknown}
 v - a scroll of acquirement
 w - a scroll of blinking
Potions
 d - 2 potions of might
 g - a potion of attraction {unknown}
 h - a potion of cancellation {unknown}
 j - a potion of ambrosia {unknown}
 k - 3 potions of heal wounds {unknown}
 m - a potion of mutation {unknown}
 p - 3 potions of degeneration {unknown}
 r - 3 potions of haste {unknown}
 D - a potion of invisibility {unknown}
 E - a potion of lignification {unknown}
 I - a potion of curing
 J - a potion of magic {unknown}


   Skills:
 + Level 7.0 Fighting
 - Level 14.0 Maces & Flails
 - Level 4.4 Armour
 - Level 3.6 Shields
 - Level 2.0 Evocations


You had 8 spell levels left.
You didn't know any spells.
Your spell library contained the following spells:

 Spells                   Type           Power      Damage    Failure   Level
 Necrotise                Necr           0%         1d4       97%         1
 Inner Flame              Hex/Fire       0%         N/A       100%        3
 Vampiric Draining        Necr           0%         2d6       100%        3
 Flame Wave               Conj/Fire      0%         2d4       100%        4
 Sticky Flame             Conj/Fire      0%         2d3       100%        4
 Agony                    Necr           0%         N/A       100%        5


Dungeon Overview and Level Annotations

Branches:
Dungeon (8/15)             Temple (1/1) D:4
   Lair: D:8-11

Altars:
Ashenzari
Cheibriados
Dithmenos
Elyvilon
Fedhas
Gozag
Hepliaklqana
Kikubaaqudgha
Okawaru
Qazlal
Ru
Sif Muna
Trog
Uskayaw
Vehumet
Wu Jian
Yredelemnul
Zin
The Shining One


Innate Abilities, Weirdness & Mutations

You have a pair of horns on your head.
You are missing an eye, making it more difficult to aim.
You reflexively headbutt those who attack you in melee.


Message History

The killer bee attacks as you move away!
The killer bee stings you.
* * * LOW HITPOINT WARNING * * *
An acid dragon comes into view.
The acid dragon roars!
You block the killer bee's attack.
A sky beast comes into view.
The acid dragon spits acid at you. The splash of acid hits you!
* * * LOW HITPOINT WARNING * * *
The acid corrodes you!
The kobold brigand throws a poisoned dart.
The poisoned dart barely misses you.
The poisoned dart closely misses the howler monkey.
The howler monkey hits you but does no damage.
An orc comes into view. It is wielding a +0 whip.
Your surroundings seem slightly different.
The water moccasin hisses angrily.
A wraith comes into view.
The orc moves out of view.
As you read the scroll of teleportation, it crumbles to dust.
You feel strangely unstable.
The centaur shoots an arrow.
The arrow closely misses you.
An orc comes into view. It is wielding a +0 short sword.
The killer bee attacks as you move away!
The killer bee misses you.
The killer bee stings you but does no damage.
The kobold brigand hits you with a +2 whip of holy wrath!
* * * LOW HITPOINT WARNING * * *
The kobold brigand attacks as you move away!
The kobold brigand hits you with a +2 whip of holy wrath.
* * * LOW HITPOINT WARNING * * *
The killer bee attacks as you move away!
The killer bee stings you but does no damage.
The killer bee stings you.
* * * LOW HITPOINT WARNING * * *
The water moccasin bites you but does no damage.
The howler monkey hoots and howls with incredible vigour!
The killer bee stings you.
You die...

..#.##.#.....
.....#....#.....
...............
................
...............!
#####............##
................(.
#.#...c...........
#@#S...J5........#
#.y.KhhJ.z........
####..Y.........##
.................
.................
.................
.W.D..#....#.†...
......#.#..#†....
oY....#...##.....


You could see a slime creature, a black bear, a sky beast, a kobold brigand, a
howler monkey (catching breath) and a killer bee.

Vanquished Creatures
  A hornet (D:8)
  A slime creature (D:8)
  2 steam dragons (D:7)
  3 water moccasins
  2 orc warriors
  3 ice beasts
  A sky beast (D:8)
  An ogre (D:6)
  A phantom (D:7)
  A kobold brigand (D:7)
  A bullfrog (D:7)
  2 scorpions (D:5)
  A gnoll sergeant (D:7)
  6 wights (D:6)
  A howler monkey (D:4)
  A jelly (D:4)
  Crazy Yiuf (D:6)
  3 orc priests
  2 hounds (D:7)
  A sleepcap (D:4)
  2 iguanas
  2 orc wizards
  7 gnolls
  6 adders
  An ufetubus (D:5)
  A worm (D:4)
  4 dart slugs
  14 orcs
  5 bats
  6 endoplasms
  6 giant cockroaches
  2 goblins (D:1)
  7 hobgoblins
  9 kobolds
  3 quokkas
  8 ball pythons
  3 frilled lizards
  4 rats
125 creatures vanquished.

Vanquished Creatures (others)
  A human (D:5)
  An ice beast (D:7)
2 creatures vanquished.

Grand Total: 127 creatures vanquished

Notes
Turn   | Place    | Note
-------+----------+-------------------------------------------
     0 | D:1      | Cheops the Minotaur Fighter began the quest for the Orb.
     0 | D:1      | Reached XP level 1. HP: 19/19 MP: 0/0
    88 | D:1      | Reached skill level 3 in Maces & Flails
   123 | D:1      | Found a faded altar of an unknown god.
   176 | D:1      | Reached XP level 2. HP: 22/26 MP: 1/1
   547 | D:2      | Reached skill level 4 in Maces & Flails
   722 | D:2      | Reached XP level 3. HP: 31/31 MP: 2/2
   855 | D:2      | Identified the ring of Pida {rF++ rC+ rN+ Str-3 Dex+6}
   975 | D:2      | Reached skill level 5 in Maces & Flails
  1769 | D:3      | Reached XP level 4. HP: 38/39 MP: 3/3
  1936 | D:3      | Reached skill level 6 in Maces & Flails
  2538 | D:4      | Found a staircase to the Ecumenical Temple.
  2563 | Temple   | Entered the Ecumenical Temple
  2756 | Temple   | Became a worshipper of Ru the Awakened
  2823 | D:4      | Reached XP level 5. HP: 43/45 MP: 4/4
  2915 | D:4      | Identified the +2 chain mail "Seat" {rPois Str+3}
  3202 | D:4      | Reached skill level 7 in Maces & Flails
  3286 | D:4      | Reached XP level 6. HP: 51/51 MP: 5/5
  3646 | D:5      | Entered Level 5 of the Dungeon
  3656 | D:5      | Noticed an ice beast
  3661 | D:5      | Killed an ice beast
  3662 | D:5      | Reached skill level 8 in Maces & Flails
  3680 | D:5      | Noticed an ice beast
  3686 | D:5      | Killed an ice beast
  3687 | D:5      | Reached skill level 9 in Maces & Flails
  3768 | D:5      | Found a white marble altar of Elyvilon.
  3807 | D:5      | Found a stormy altar of Qazlal.
  3920 | D:5      | Found a shadowy altar of Dithmenos.
  3935 | D:5      | Reached XP level 7. HP: 55/57 MP: 6/6
  4138 | D:5      | Reached skill level 10 in Maces & Flails
  4154 | D:5      | Found an ancient bone altar of Kikubaaqudgha.
  4156 | D:5      | Noticed a human
  4157 | D:5      | Killed a human
  4537 | D:6      | Found a runed translucent door.
  4538 | D:6      | Noticed Crazy Yiuf
  4581 | D:6      | Reached skill level 11 in Maces & Flails
  4664 | D:6      | HP: 2/56 [poisoned by a wight (curare-tipped dart)]
  4669 | D:6      | Reached XP level 8. HP: 6/64 MP: 7/7
  4988 | D:6      | Found a broken altar of Ashenzari.
  4988 | D:6      | Found a blossoming altar of Fedhas.
  5062 | D:6      | Identified the +6 hand axe of the Spider Nest {freeze,
                  | *Noise Will+ Str-5 Dex+6}
  5127 | D:6      | Killed Crazy Yiuf
  5185 | D:7      | Identified a scroll of acquirement
  5205 | D:7      | Reached skill level 12 in Maces & Flails
  5382 | D:7      | HP: 3/64 [orc priest/divine providence (11)]
  5579 | D:7      | Reached skill level 13 in Maces & Flails
  5891 | D:7      | Reached skill level 1 in Evocations
  5897 | D:7      | Reached XP level 9. HP: 61/70 MP: 8/8
  6006 | D:7      | Reached skill level 14 in Maces & Flails
  6006 | D:7      | Gained mutation: You are missing an eye, making it more
                  | difficult to aim. [Ru sacrifice]
  6006 | D:7      | Reached * piety under Ru
  6178 | D:7      | Found a basalt altar of Yredelemnul.
  6433 | D:8      | Reached skill level 5 in Fighting
  6602 | D:8      | HP: 1/79 [killer bee (5)]
  6603 | D:8      | Slain by a killer bee

Illustrated notes

Levels and vault maps discovered:
D:1:      eino_arrival_tree_alley, layout_basic,
          chequers_ecumenical_altar_simple_redux, minmay_gold_behind_fungi
D:2:      layout_basic
D:3:      layout_loops_corners
D:4:      layout_loops_ring, minmay_temple_entry_wispy
D:5:      layout_rooms, tgw_kikubaaqudgha,
          mainiacjoe_overflow_concentric_impassable,
          mainiacjoe_overflow_two_lobes, kennysheep_pointless_box
D:6:      layout_basic, gammafunk_temple_overflow_statue, dk_vineyard_3,
          minmay_misc_feat_plants, uniq_crazy_yiuf_cottage
D:7:      layout_gridville, mainiacjoe_overflow_24_doors,
          kennysheep_cluttered_room
D:8:      minmay_four_partial_circles, layout_basic, patterned_corridor
Temple:   nicolae_temple_bog_church

Skill      XL: |  1  2  3  4  5  6  7  8  9 |
---------------+----------------------------+-----
Maces & Flails | 3 4 5 6 7 9 11 13 14 | 14.0
Evocations     | 1 2 |  2.0
Armour         | 4 |  4.4
Fighting       | 7 |  7.0
Shields        | |  3.6

Action                     |  1- 3 |  4- 6 |  7- 9 || total
---------------------------+-------+-------+-------++-------
  Melee: Flail             |    90 |    87 |   179 ||   356
         Headbutt          |    14 |    20 |    29 ||    63
 Invoke: Sacrifice an Eye  |       |       |     1 ||     1
    Use: Potion            |       |       |     3 ||     3
         Scroll            |       |       |     7 ||     7
 Armour: Scale mail        |    43 |     9 |       ||    52
         Plate armour      |       |     4 |       ||     4
         Chain mail        |       |    20 |    91 ||   111
  Dodge: Dodged            |    40 |    25 |    70 ||   135
  Block: Buckler           |    23 |    14 |    40 ||    77
